[ AOE2 MATCH · #458054222 ]
UnrankedPoles vs Bulgarians
Player's team · LOSS
[ REPLAY ANALYSIS · EXTRACTED FROM THE RECORDED GAME ]
Feudal
12:12
Castle
29:41
Imperial
—
| APM avg | 14.2 |
| APM peak | 41 |
| eAPM avg | 9.1 |
| Villagers / military | 36 / 38 |
Focus
⚔️ 26.1% · 🌾 73.9%
Spearman ×18 · Archer ×6 · Skirmisher ×6 · Militia ×5 · Knight ×2 · Scout Cavalry ×1
Feudal
12:03
Castle
28:26
Imperial
—
| APM avg | 12.8 |
| APM peak | 31 |
| eAPM avg | 7.4 |
| Villagers / military | 40 / 66 |
Focus
⚔️ 37.9% · 🌾 62.1%
Militia ×34 · Knight ×19 · Mangonel ×5 · Spearman ×4 · Scout Cavalry ×4
Match map
Initial resources + every placement click. Lines = walls · curves = elevation contours. ◆ gold · ⬟ stone · ● berries · ✦ relic · ◌ wall gap
Inputs per minute
— Derek the Huh? - - santiagorolon11
Build order — Derek the Huh?
129 actions detected in the replay
| 0:11 | Build | House |
| 0:14 | Build | House |
| 0:15 | Build | House |
| 0:19 | Create | Villager (Male) |
| 0:19 | Create | Villager (Male) |
| 0:20 | Create | Villager (Male) |
| 1:06 | Create | Villager (Male) |
| 2:24 | Create | Villager (Male) |
| 2:51 | Create | Villager (Male) |
| 3:26 | Create | Villager (Male) |
| 3:27 | Create | Villager (Male) |
| 3:47 | Create | Villager (Male) |
| 4:27 | Create | Villager (Male) |
| 4:54 | Create | Villager (Male) |
| 5:05 | Create | Villager (Male) |
| 5:06 | Create | Villager (Male) |
| 5:19 | Create | Villager (Male) |
| 7:07 | Create | Villager (Male) |
| 8:01 | Build | Mill |
| 8:14 | Build | Lumber Camp |
| 8:22 | Create | Villager (Male) |
| 8:23 | Create | Villager (Male) |
| 8:31 | Create | Villager (Male) |
| 8:38 | Build | House |
| 8:39 | Build | House |
| 8:54 | Research | Loom |
| 9:16 | Research | Feudal Age |
| 9:33 | Build | Farm |
| 9:59 | Build | Farm |
| 12:12 | Age | Feudal Age |
| 12:13 | Research | Wheelbarrow |
| 12:16 | Research | Horse Collar |
| 12:46 | Research | Town Watch |
| 13:01 | Research | Double-Bit Axe |
| 13:56 | Create | Villager (Male) |
| 14:25 | Build | Farm |
| 14:47 | Build | Farm |
| 15:22 | Create | Villager (Male) |
| 15:23 | Create | Villager (Male) |
| 15:24 | Create | Villager (Male) |
| 15:26 | Create | Villager (Male) |
| 15:27 | Create | Villager (Male) |
| 15:33 | Create | Villager (Male) |
| 15:35 | Create | Villager (Male) |
| 16:14 | Build | Barracks |
| 16:20 | Build | Farm |
| 16:45 | Build | Watch Tower |
| 17:45 | Build | Archery Range |
| 17:56 | Build | Palisade Wall |
| 18:03 | Build | Farm |
| 18:32 | Create | Spearman |
| 18:38 | Research | Man-at-Arms (upgrade) |
| 18:38 | Create | Militia |
| 18:39 | Create | Militia |
| 18:49 | Create | Skirmisher |
| 18:50 | Create | Archer |
| 18:52 | Create | Archer |
| 18:53 | Create | Archer |
| 19:14 | Create | Villager (Male) |
| 19:15 | Create | Villager (Male) |
| 19:24 | Create | Skirmisher |
| 19:28 | Create | Spearman |
| 19:28 | Create | Spearman |
| 19:50 | Build | Mill |
| 20:03 | Build | House |
| 20:04 | Build | House |
| 20:05 | Build | House |
| 20:11 | Create | Spearman |
| 20:11 | Create | Spearman |
| 22:01 | Build | Farm |
| 22:04 | Build | Farm |
| 22:12 | Create | Skirmisher |
| 22:53 | Build | Blacksmith |
| 23:42 | Build | Stable |
| 24:05 | Build | Market |
| 24:21 | Build | Farm |
| 24:50 | Research | Forging |
| 24:51 | Research | Scale Mail Armor |
| 24:52 | Research | Scale Barding Armor |
| 24:57 | Create | Scout Cavalry |
| 24:58 | Research | Bloodlines |
| 25:16 | Create | Militia |
| 25:21 | Create | Skirmisher |
| 25:22 | Create | Skirmisher |
| 25:22 | Create | Skirmisher |
| 25:29 | Build | Farm |
| 25:41 | Build | Farm |
| 25:51 | Build | Farm |
| 27:01 | Research | Castle Age |
| 27:54 | Create | Spearman |
| 27:54 | Create | Spearman |
| 27:55 | Create | Spearman |
| 27:55 | Create | Spearman |
| 28:20 | Build | Mining Camp |
| 28:29 | Build | Mining Camp |
| 28:44 | Create | Spearman |
| 28:45 | Create | Spearman |
| 28:45 | Create | Spearman |
| 28:48 | Create | Archer |
| 28:48 | Create | Archer |
| 28:49 | Create | Archer |
| 28:57 | Build | House |
| 28:59 | Build | House |
| 29:41 | Age | Castle Age |
| 29:49 | Research | Hand Cart |
| 30:11 | Research | Husbandry |
| 30:34 | Create | Villager (Male) |
| 30:35 | Create | Villager (Male) |
| 30:52 | Build | House |
| 31:18 | Create | Villager (Male) |
| 31:21 | Create | Villager (Male) |
| 32:06 | Create | Knight |
| 32:07 | Create | Knight |
| 32:16 | Research | Squires |
| 32:17 | Research | Long Swordsman (upgrade) |
| 32:49 | Build | Watch Tower |
| 33:12 | Create | Villager (Male) |
| 33:13 | Create | Villager (Male) |
| 33:13 | Create | Villager (Male) |
| 33:13 | Create | Villager (Male) |
| 33:54 | Create | Militia |
| 33:54 | Create | Militia |
| 34:54 | Build | Siege Workshop |
| 34:59 | Create | Spearman |
| 34:59 | Create | Spearman |
| 35:00 | Create | Spearman |
| 35:00 | Create | Spearman |
| 35:00 | Create | Spearman |
| 35:00 | Create | Spearman |
Build order — santiagorolon11
First 150 of 171 actions detected
| 0:01 | Create | Villager (Male) |
| 0:01 | Create | Villager (Male) |
| 0:02 | Create | Villager (Male) |
| 0:02 | Create | Villager (Male) |
| 0:10 | Build | House |
| 0:12 | Build | House |
| 0:12 | Build | House |
| 2:26 | Build | Lumber Camp |
| 3:10 | Create | Villager (Male) |
| 3:10 | Create | Villager (Male) |
| 3:11 | Create | Villager (Male) |
| 4:03 | Create | Villager (Male) |
| 4:03 | Create | Villager (Male) |
| 4:03 | Create | Villager (Male) |
| 4:20 | Create | Villager (Male) |
| 5:03 | Research | Loom |
| 5:20 | Build | Mill |
| 5:22 | Create | Villager (Male) |
| 5:23 | Create | Villager (Male) |
| 6:03 | Build | House |
| 6:05 | Build | House |
| 6:08 | Build | House |
| 6:14 | Create | Villager (Male) |
| 6:15 | Create | Villager (Male) |
| 6:37 | Create | Villager (Male) |
| 6:37 | Create | Villager (Male) |
| 8:10 | Create | Villager (Male) |
| 8:10 | Create | Villager (Male) |
| 8:31 | Build | Barracks |
| 9:53 | Research | Feudal Age |
| 10:20 | Build | Mill |
| 10:25 | Create | Militia |
| 10:42 | Create | Militia |
| 11:20 | Create | Villager (Male) |
| 11:43 | Build | Mining Camp |
| 12:03 | Age | Feudal Age |
| 12:25 | Research | Double-Bit Axe |
| 12:36 | Create | Spearman |
| 12:36 | Create | Spearman |
| 12:36 | Create | Spearman |
| 12:52 | Build | Farm |
| 12:54 | Build | Farm |
| 13:04 | Research | Horse Collar |
| 13:26 | Build | Watch Tower |
| 13:41 | Create | Villager (Male) |
| 13:42 | Create | Villager (Male) |
| 13:42 | Create | Villager (Male) |
| 13:42 | Create | Villager (Male) |
| 13:43 | Create | Villager (Male) |
| 13:43 | Create | Villager (Male) |
| 13:44 | Create | Villager (Male) |
| 14:25 | Build | Farm |
| 14:26 | Build | Farm |
| 14:28 | Build | Farm |
| 14:30 | Build | Farm |
| 14:32 | Build | Farm |
| 14:51 | Build | House |
| 14:53 | Build | House |
| 14:55 | Build | House |
| 15:57 | Build | Blacksmith |
| 17:54 | Create | Spearman |
| 17:57 | Create | Militia |
| 17:57 | Create | Militia |
| 17:57 | Create | Militia |
| 17:57 | Create | Militia |
| 17:57 | Create | Militia |
| 17:57 | Create | Militia |
| 18:07 | Build | Stable |
| 18:37 | Research | Forging |
| 18:41 | Create | Militia |
| 18:41 | Create | Militia |
| 18:42 | Create | Militia |
| 18:51 | Build | Farm |
| 19:01 | Build | Farm |
| 19:02 | Build | Farm |
| 19:05 | Build | Farm |
| 19:15 | Build | Market |
| 19:23 | Create | Militia |
| 19:24 | Create | Militia |
| 19:24 | Create | Militia |
| 19:25 | Create | Militia |
| 19:28 | Create | Scout Cavalry |
| 19:28 | Create | Scout Cavalry |
| 19:29 | Create | Scout Cavalry |
| 21:55 | Create | Militia |
| 21:56 | Create | Militia |
| 21:56 | Create | Militia |
| 21:56 | Create | Militia |
| 21:57 | Create | Militia |
| 21:57 | Create | Militia |
| 21:57 | Create | Militia |
| 22:34 | Build | House |
| 22:34 | Build | House |
| 22:34 | Build | House |
| 22:34 | Build | House |
| 22:35 | Build | House |
| 22:37 | Build | House |
| 22:37 | Build | House |
| 23:08 | Create | Villager (Male) |
| 23:09 | Create | Villager (Male) |
| 23:09 | Create | Villager (Male) |
| 23:09 | Create | Villager (Male) |
| 23:16 | Build | Farm |
| 23:18 | Build | Farm |
| 23:19 | Build | Farm |
| 23:20 | Build | Farm |
| 23:22 | Build | Farm |
| 24:15 | Build | Barracks |
| 24:39 | Build | Barracks |
| 24:45 | Build | Stable |
| 25:17 | Build | Mining Camp |
| 25:46 | Research | Castle Age |
| 26:18 | Create | Militia |
| 26:20 | Create | Militia |
| 26:20 | Create | Militia |
| 26:20 | Create | Militia |
| 26:20 | Create | Militia |
| 26:20 | Create | Militia |
| 27:12 | Build | Stone Wall |
| 28:26 | Age | Castle Age |
| 28:40 | Create | Knight |
| 28:41 | Create | Knight |
| 28:41 | Create | Knight |
| 28:41 | Create | Knight |
| 28:42 | Create | Knight |
| 28:42 | Create | Knight |
| 28:43 | Create | Knight |
| 28:43 | Create | Knight |
| 28:43 | Create | Knight |
| 28:44 | Create | Knight |
| 28:55 | Create | Militia |
| 28:55 | Create | Militia |
| 28:56 | Create | Militia |
| 29:46 | Build | Building 487 |
| 30:39 | Create | Villager (Male) |
| 30:39 | Create | Villager (Male) |
| 30:39 | Create | Villager (Male) |
| 30:40 | Create | Villager (Male) |
| 30:40 | Create | Villager (Male) |
| 30:40 | Create | Villager (Male) |
| 30:41 | Create | Villager (Male) |
| 30:41 | Create | Villager (Male) |
| 30:41 | Create | Villager (Male) |
| 31:06 | Build | Mining Camp |
| 31:27 | Build | Siege Workshop |
| 31:36 | Create | Knight |
| 31:37 | Create | Knight |
| 31:37 | Create | Knight |
| 31:37 | Create | Knight |
| 31:41 | Create | Scout Cavalry |
Match timeline
| 8:31 | santiagorolon11 · first_building Barracks |
| 12:03 | santiagorolon11 · age_up feudal |
| 12:12 | Derek the Huh? · age_up feudal |
| 16:14 | Derek the Huh? · first_building Barracks |
| 17:45 | Derek the Huh? · first_building Archery Range |
| 17:56 | Derek the Huh? · wall_segment Palisade Wall x1 |
| 18:07 | santiagorolon11 · first_building Stable |
| 23:42 | Derek the Huh? · first_building Stable |
| 25:41 | santiagorolon11 · first_market_buy 100 food |
| 25:57 | Derek the Huh? · first_market_buy 100 food |
| 26:01 | Derek the Huh? · first_market_sell 100 wood |
| 27:12 | santiagorolon11 · wall_segment Stone Wall x14 |
| 28:26 | santiagorolon11 · age_up castle |
| 29:41 | Derek the Huh? · age_up castle |
| 31:27 | santiagorolon11 · first_building Siege Workshop |
| 34:54 | Derek the Huh? · first_building Siege Workshop |
| 36:16 | Derek the Huh? · resign |
[ AI ANALYSIS · 1 CREDIT ]
What really happened in this match?
Wolo.gg analyzes every decision: build order, eco, micro, common mistakes by bracket. Personalized analysis on WhatsApp or Discord in 30 seconds.
Civ guide
Poles
Perfil
Jugador #18281503